 Dungeon Crawl Stone Soup version 0.26-a0-660-gc07710193c (webtiles) character file.

Game seed: 12236110650166007449

823 jiml777 the Grasshopper (level 7, -2/56 HPs)
             Began as a Gnoll Warper on Oct 7, 2020.
             Slain by an ogre
             ... wielding a +0 giant spiked club
              (8 damage)
             ... on level 5 of the Dungeon.
             The game lasted 00:15:30 (4701 turns).

jiml777 the Grasshopper (Gnoll Warper)              Turns: 4701, Time: 00:15:31

Health: -2/56      AC: 12    Str: 14    XL:     7   Next: 96%
Magic:  15/15      EV:  8    Int: 17    God:
Gold:   239        SH:  5    Dex: 14    Spells: 17/17 levels left

rFire    . . .     SeeInvis .   A - +0 whip (elec)
rCold    . . .     Faith    .   (no shield)
rNeg     . . .     Spirit   .   i - +3 chain mail {rPois}
rPois    +         Reflect  +   (no helmet)
rElec    .         Harm     .   (no cloak)
rCorr    +         Rampage  .   (no gloves)
MR       .....                  (no boots)
Stlth    ..........             j - amulet of reflection
HPRegen  0.18/turn              k - ring of resist corrosion
MPRegen  0.14/turn              (no ring)

@: no status effects
A: distributed training, fangs 1, strong nose
a: no special abilities


You were on level 5 of the Dungeon.
You visited 1 branch of the dungeon, and saw 5 of its levels.

You collected 239 gold pieces.

Inventory:

Hand Weapons
 n - a +3 falchion
 A - a +0 whip of electrocution (weapon)
Missiles
 a - 3 boomerangs
 e - 5 boomerangs of dispersal (quivered)
 f - 46 sling bullets
 h - 74 arrows
 s - 31 bolts
Armour
 i - a +3 chain mail of poison resistance (worn)
 D - a +3 leather armour of cold resistance
Jewellery
 j - an amulet of reflection (around neck)
 k - a ring of resist corrosion (left hand)
 r - an uncursed amulet of magic regeneration
Wands
 y - a wand of flame (11)
Scrolls
 c - 2 scrolls of remove curse
 g - 7 scrolls of teleportation
 m - 2 scrolls of magic mapping
 B - a scroll of fog
 C - 3 scrolls of blinking
Potions
 d - a potion of flight
 u - a potion of might
 v - a potion of brilliance
 w - 3 potions of magic
 z - a potion of resistance {unknown}


   Skills:
 + Level 5.4 Fighting
 + Level 2.8 Short Blades
 + Level 2.8 Long Blades
 + Level 2.8 Axes
 + Level 2.8 Maces & Flails
 + Level 5.4 Polearms
 + Level 2.8 Staves
 + Level 2.8 Slings
 + Level 2.8 Bows
 + Level 2.8 Crossbows
 + Level 3.9 Throwing
 + Level 3.9 Armour
 + Level 5.4 Dodging
 + Level 2.8 Stealth
 + Level 2.8 Shields
 + Level 2.8 Unarmed Combat
 + Level 5.8 Spellcasting
 + Level 2.3 Conjurations
 + Level 2.3 Hexes
 + Level 2.3 Summonings
 + Level 2.3 Necromancy
 + Level 5.9 Translocations
 + Level 2.3 Transmutations
 + Level 2.3 Fire Magic
 + Level 2.3 Ice Magic
 + Level 2.3 Air Magic
 + Level 2.3 Earth Magic
 + Level 2.3 Poison Magic
 + Level 3.1 Invocations
 + Level 2.8 Evocations


You had 17 spell levels left.
You didn't know any spells.
Your spell library contained the following spells:

 Spells                   Type           Power        Failure   Level
 Blink                    Tloc           N/A          36%         2
 Gell's Gravitas          Tloc           ####......   58%         3
 Lesser Beckoning         Tloc           ####......   58%         3
 Teleport Other           Tloc           ####....     58%         3
 Passage of Golubria      Tloc           N/A          94%         4
 Confusing Touch          Hex            ##......     98%         3
 Petrify                  Tmut/Erth      ##......     100%        4
 Metabolic Englaciation   Hex/Ice        ##........   100%        5
 Yara's Violent Unravell  Hex/Tmut       ##........   100%        5


Dungeon Overview and Level Annotations

Branches:
Dungeon (5/15)
 Temple: D:4-7

Altars:
Ru


Innate Abilities, Weirdness & Mutations

Your experience applies equally to all skills.
You have very sharp teeth.
Your uncanny sense of smell can sniff out nearby items.


Message History

You hit the ogre. You bite the ogre, but do no damage.
The ogre is moderately wounded.
The ogre hits you with a +0 giant spiked club!
You hit the ogre. Your bite misses the ogre.
The ogre is heavily wounded.
The ogre barely misses you.
Your chain mail prevents you from hitting the ogre.
You bite the ogre.
The ogre is heavily wounded.
You hit the ogre.
The ogre is severely wounded.
The ogre hits you with a +0 giant spiked club!
You hit the ogre. You bite the ogre.
The ogre is almost dead.
The ogre hits you with a +0 giant spiked club!!
* * * LOW HITPOINT WARNING * * *
You completely miss the ogre.
The ogre is almost dead.
The ogre hits you with a +0 giant spiked club!
You die...

#.#######.#...###.#
. #.#...# #.#...#
#.....# #.###.# #.#
#.# #.###.##
...##...#####.#
#.....[...@O..!#
#.####...#######
##... #####


You could see an ogre.

Vanquished Creatures
  Eustachio (D:4)
  Menkaure (D:5)
  An ogre (D:4)
  A hound (D:5)
  An orc priest (D:5)
  3 orc wizards
  2 worker ants (D:4)
  Terence (D:1)
  3 gnolls (D:4)
  8 adders
  5 worms
  A dart slug (D:3)
  2 leopard geckos
  12 orcs
  9 bats
  6 giant cockroaches
  5 goblins
  9 hobgoblins
  7 jackals (D:4)
  2 quokkas
  A ball python (D:3)
  8 frilled lizards
  9 kobolds
  A leopard gecko skeleton (D:4)
  3 rats
102 creatures vanquished.

Vanquished Creatures (others)
  Blork the orc (D:5)
1 creature vanquished.

Grand Total: 103 creatures vanquished

Notes
Turn   | Place    | Note
-------+----------+-------------------------------------------
     0 | D:1      | jiml777 the Gnoll Warper began the quest for the Orb.
     0 | D:1      | Reached XP level 1. HP: 20/20 MP: 6/6
   463 | D:1      | Reached XP level 2. HP: 25/26 MP: 7/7
  1286 | D:2      | Noticed Terence
  1307 | D:2      | Reached XP level 3. HP: 19/31 MP: 9/9
  1310 | D:2      | Reached skill level 5 in Spellcasting
  1329 | D:2      | HP: 1/31 [Terence/+0 flail (4)]
  1342 | D:1      | Killed Terence
  1342 | D:1      | Reached skill level 1 in Invocations
  1545 | D:2      | Reached skill level 1 in Short Blades
  1545 | D:2      | Reached skill level 1 in Long Blades
  1545 | D:2      | Reached skill level 1 in Axes
  1545 | D:2      | Reached skill level 1 in Maces & Flails
  1545 | D:2      | Reached skill level 1 in Staves
  1545 | D:2      | Reached skill level 1 in Slings
  1545 | D:2      | Reached skill level 1 in Bows
  1545 | D:2      | Reached skill level 1 in Crossbows
  1545 | D:2      | Reached skill level 1 in Stealth
  1545 | D:2      | Reached skill level 1 in Shields
  1545 | D:2      | Reached skill level 1 in Unarmed Combat
  1545 | D:2      | Reached skill level 1 in Evocations
  1742 | D:2      | Reached XP level 4. HP: 38/38 MP: 11/11
  1899 | D:2      | Reached skill level 1 in Conjurations
  1899 | D:2      | Reached skill level 1 in Hexes
  1899 | D:2      | Reached skill level 1 in Summonings
  1899 | D:2      | Reached skill level 1 in Necromancy
  1899 | D:2      | Reached skill level 1 in Transmutations
  1899 | D:2      | Reached skill level 1 in Fire Magic
  1899 | D:2      | Reached skill level 1 in Ice Magic
  1899 | D:2      | Reached skill level 1 in Air Magic
  1899 | D:2      | Reached skill level 1 in Earth Magic
  1899 | D:2      | Reached skill level 1 in Poison Magic
  2638 | D:3      | Reached XP level 5. HP: 43/43 MP: 12/12
  3649 | D:4      | Reached XP level 6. HP: 50/50 MP: 13/13
  4039 | D:4      | Found a sacrificial altar of Ru.
  4174 | D:4      | Reached skill level 5 in Fighting
  4174 | D:4      | Reached skill level 5 in Polearms
  4174 | D:4      | Reached skill level 5 in Dodging
  4232 | D:4      | Noticed Eustachio
  4256 | D:4      | Killed Eustachio
  4256 | D:4      | Reached XP level 7. HP: 44/56 MP: 15/15
  4434 | D:5      | Entered Level 5 of the Dungeon
  4450 | D:5      | Noticed Blork the orc
  4468 | D:5      | Killed Blork the orc
  4470 | D:5      | Noticed Menkaure
  4482 | D:5      | Killed Menkaure
  4701 | D:5      | Slain by an ogre

Illustrated notes

Levels and vault maps discovered:
D:1:      lemuel_arrival_lava_pool, layout_basic
D:2:      layout_basic, minmay_tall_x, uniq_terence
D:3:      layout_basic
D:4:      layout_basic, lemuel_tele_altar, uniq_eustachio
D:5:      layout_loops_ring, uniq_grinder, uniq_prince_ribbit1, uniq_menkaure,
          uniq_blork_the_orc

Skill      XL: |  1  2  3  4  5  6  7 |
---------------+----------------------+-----
Spellcasting   | 5 |  5.8
Invocations    | 1 2 3 |  3.1
Short Blades   | 1 2 |  2.8
Long Blades    | 1 2 |  2.8
Axes           | 1 2 |  2.8
Maces & Flails | 1 2 |  2.8
Staves         | 1 2 |  2.8
Slings         | 1 2 |  2.8
Bows           | 1 2 |  2.8
Crossbows      | 1 2 |  2.8
Stealth        | 1 2 |  2.8
Shields        | 1 2 |  2.8
Unarmed Combat | 1 2 |  2.8
Evocations     | 1 2 |  2.8
Conjurations   | 1 2 |  2.3
Hexes          | 1 2 |  2.3
Summonings     | 1 2 |  2.3
Necromancy     | 1 2 |  2.3
Transmutations | 1 2 |  2.3
Fire Magic     | 1 2 |  2.3
Ice Magic      | 1 2 |  2.3
Air Magic      | 1 2 |  2.3
Earth Magic    | 1 2 |  2.3
Poison Magic   | 1 2 |  2.3
Throwing       | 3 |  3.9
Armour         | 3 |  3.9
Fighting       | 5 |  5.4
Polearms       | 5 |  5.4
Dodging        | 5 |  5.4
Translocations | |  5.9

Action                   |  1- 3 |  4- 6 |  7- 9 || total
-------------------------+-------+-------+-------++-------
Melee: Spear             |    97 |   229 |       ||   326
       Bite              |     5 |    33 |     7 ||    45
       Punch             |     2 |     1 |     1 ||     4
       Whip              |       |   121 |    43 ||   164
Evoke: Wand              |     2 |     1 |     1 ||     4
  Use: Scroll            |     4 |     6 |     2 ||    12
       Potion            |     2 |       |     2 ||     4
Armor: Leather armour    |    12 |       |       ||    12
       Ring mail         |    12 |       |       ||    12
       Chain mail        |    11 |   152 |    17 ||   180
Dodge: Dodged            |    79 |   108 |     7 ||   194
Block: Other             |    25 |    60 |    10 ||    95
       Reflection        |       |     1 |     2 ||     3

Table legend: (Time is in decaauts)
 A = Elapsed time spent in this place.
 B = Non-inter-level travel time spent in this place.
 C = Inter-level travel time spent in this place.
 D = Time resting spent in this place.
 E = Time spent auto-exploring this place.
 F = Levels seen in this place.
 G = Mean time per level.
                   A        B        C        D        E       F      G
               +--------+--------+--------+--------+--------+-----+--------+
         Total |   4658 |   4585 |     73 |    673 |   2535 |   5 |  931.6 |
       Dungeon |   4658 |   4585 |     73 |    673 |   2535 |   5 |  931.6 |
               +--------+--------+--------+--------+--------+-----+--------+

Top non-repeatable levels by time:
     D:1: 1449 daAuts
     D:3: 1018 daAuts
     D:4: 982 daAuts
     D:2: 942 daAuts
     D:5: 265 daAuts
